Map: Automaton LE

Players

Cham

  • Race: Zerg Zerg
  • League: Grandmaster
  • Spawn Location: 3:00

SpeCial - Winner!

  • Race: Terran Terran
  • Spawn Location: 9:00

Event: 2019 WCS Winter Americas

VOD

Have the link to the VOD?

Description

Time

  • Played on: Feb. 14, 2019, 1:07 p.m.
  • Length: 13:27

All games in this series

Show
View Real Time Build Order
Export as new Build Order

Cham Zerg 

Build Orders: Hatch First, Brood Lord Corruptor 

Get SALT Encoding   

  12  0:00  Drone  
  13  0:09  Drone  
  14  0:17  Overlord  
  14  0:36  Drone x3  
  17  0:53  Hatchery  
  17  0:56  Drone  
  17  0:59  Drone  
  18  1:05  Extractor  
  17  1:15  Spawning Pool  
  17  1:18  Drone  
  17  1:21  Drone  
  18  1:30  Drone  
  19  1:40  Drone  
  20  1:52  Overlord  
  20  2:03  Queen  
  20  2:04  Metabolic Boost  
  20  2:05  Queen  
  20  2:08  Zergling x2  
  25  2:10  Zergling x2  
  25  2:14  Drone  
  27  2:18  Drone  
  28  2:34  Hatchery  
  27  2:37  Drone  
  27  2:39  Drone  
  30  2:44  Drone x2  
  30  2:48  Drone  
  32  2:52  Overlord  
  32  2:59  Queen  
  32  3:02  Drone  
  36  3:05  Drone  
  36  3:10  Overlord  
  36  3:13  Drone x2  
  36  3:16  Drone  
  36  3:18  Drone  
  40  3:21  Drone  
  40  3:23  Drone  
  42  3:35  Overlord  
  42  3:36  Drone  
  42  3:37  Queen  
  42  3:40  Queen  
  47  3:46  Overlord  
  47  3:48  Queen  
  47  3:53  Drone  
  50  3:56  Drone x3  
  50  3:59  Drone x2  
  50  4:02  Overlord  
  55  4:05  Drone  
  55  4:06  Drone  
  55  4:09  Drone x2  
  59  4:11  Zergling x2  
  59  4:14  Zergling x4  
  59  4:16  Zergling x2  
  63  4:19  Zergling x4  
  63  4:22  Zergling x4  
  67  4:24  Zergling x2  
  67  4:26  Drone  
  67  4:29  Queen  
  71  4:32  Drone  
  71  4:34  Drone  
  71  4:36  Spore Crawler  
  72  4:39  Spore Crawler  
  72  4:40  Overlord  
  72  4:41  Spore Crawler  
  70  4:47  Roach Warren  
  70  4:49  Drone  
  70  4:50  Drone x3  
  71  4:56  Drone  
  71  4:57  Drone x2  
  73  5:02  Drone  
  73  5:03  Drone x3  
  76  5:09  Lair  
  76  5:12  Extractor  
  75  5:17  Drone x2  
  75  5:18  Drone x2  
  75  5:19  Drone x3  
  82  5:21  Extractor  
  82  5:25  Evolution Chamber, Drone  
  82  5:26  Evolution Chamber  
  82  5:27  Overlord  
  80  5:30  Overlord, Drone  
  80  5:34  Drone  
  82  5:38  Overlord  
  81  5:43  Overlord  
  81  5:44  Overlord x2  
  81  5:49  Extractor  
  80  5:50  Extractor  
  80  5:53  Zerg Missile Weapons Level 1  
  80  5:54  Zerg Ground Armor Level 1  
  80  5:55  Drone x2  
  80  5:56  Drone x6  
  87  5:57  Overlord  
  87  6:04  Drone x2  
  87  6:08  Roach  
  87  6:09  Roach  
  93  6:12  Roach  
  95  6:19  Infestation Pit  
  95  6:20  Overlord  
  95  6:23  Glial Reconstitution, Drone x2  
  95  6:24  Overlord, Extractor  
  95  6:27  Drone  
  95  6:28  Drone  
  95  6:29  Roach x2  
  101  6:32  Overlord  
  101  6:33  Roach  
  101  6:36  Hatchery, Overseer  
  101  6:38  Overlord  
  101  6:39  Roach x2  
  106  6:43  Roach x2  
  106  6:46  Overlord  
  110  6:52  Roach x4  
  118  6:59  Overlord, Roach x3  
  124  7:01  Overlord  
  124  7:04  Drone x2  
  124  7:07  Roach x2  
  127  7:11  Ravager  
  127  7:12  Ravager x2  
  127  7:14  Roach  
  127  7:21  Roach x3  
  124  7:25  Roach x2  
  124  7:26  Roach  
  120  7:30  Drone x3  
  123  7:39  Drone x2  
  123  7:40  Drone  
  126  7:46  Drone  
  126  7:49  Drone x3  
  127  7:55  Zerg Ground Armor Level 2, Zerg Missile Weapons Level 2  
  127  7:56  Drone  
  128  8:00  Extractor x2, Drone  
  128  8:02  Overlord  
  128  8:03  Drone  
  128  8:08  Drone  
  128  8:09  Infestor  
  131  8:13  Overlord, Drone x2  
  131  8:15  Infestor, Drone  
  131  8:17  Drone x3  
  131  8:19  Drone  
  140  8:21  Overlord  
  140  8:23  Drone  
  137  8:37  Drone  
  137  8:38  Drone x3  
  137  8:39  Hive  
  141  8:42  Spire  
  141  8:44  Spore Crawler  
  141  8:46  Spore Crawler  
  141  8:48  Ravager x2, Roach x2  
  142  8:49  Roach, Drone x4  
  142  8:51  Drone  
  142  8:52  Drone  
  142  8:53  Drone  
  153  8:58  Overseer  
  153  9:02  Drone x3  
  156  9:03  Overlord  
  156  9:04  Roach, Zergling x4  
  156  9:07  Zergling x2  
  156  9:09  Zergling x2  
  164  9:10  Roach  
  164  9:16  Roach x2, Zergling x2  
  169  9:18  Roach  
  169  9:19  Roach x3  
  177  9:30  Drone x3  
  178  9:37  Zergling x2  
  177  9:42  Roach x2  
  181  9:46  Overlord x2  
  181  9:48  Roach x2  
  181  9:52  Hatchery  
  184  9:54  Greater Spire  
  184  9:57  Hatchery, Corruptor  
  184  9:58  Corruptor x3  
  182  10:27  Corruptor x3  
  186  10:31  Spore Crawler, Drone  
  186  10:32  Spore Crawler, Drone x2  
  156  11:02  Drone x5  
  148  11:08  Brood Lord x7  
  148  11:11  Roach x7, Corruptor x2  
  163  11:12  Drone  
  163  11:14  Overlord x3  
  168  11:24  Roach  
  168  11:25  Roach x2  
  163  11:32  Roach  
  163  11:33  Roach  
  163  11:36  Corruptor x4  
  167  11:45  Drone x4  
  167  11:46  Drone  
  172  11:48  Extractor  
  172  11:49  Infestor  
  172  11:51  Extractor  
  162  11:57  Drone x3  
  165  12:03  Hatchery  
  165  12:06  Corruptor  
  166  12:13  Drone x2  
  166  12:14  Drone x2  
  166  12:15  Spore Crawler, Drone x2  
  171  12:16  Infestor, Spine Crawler  
  171  12:22  Infestor  
  174  12:27  Extractor  
  174  12:28  Drone x3  
  174  12:29  Corruptor  
  176  12:30  Extractor  
  176  12:36  Infestor  
  179  12:39  Drone x3  
  179  12:40  Drone x2  
  184  12:52  Spine Crawler  
Show
View Real Time Build Order
Export as new Build Order

SpeCial Terran - Winner!

Build Orders: Liberator Opening, Reaper Expand 

Get SALT Encoding   

  12  0:00  SCV  
  13  0:13  SCV  
  14  0:18  Supply Depot  
  14  0:25  SCV  
  15  0:40  SCV  
  15  0:41  Barracks  
  16  0:45  Refinery  
  16  0:52  SCV  
  17  1:04  SCV  
  18  1:16  SCV  
  19  1:28  Reaper, Orbital Command  
  20  1:41  Command Center  
  20  1:52  Supply Depot  
  20  1:54  SCV  
  20  2:00  Marine  
  22  2:06  Factory  
  22  2:10  SCV  
  22  2:14  Refinery  
  23  2:22  SCV  
  24  2:23  Barracks Reactor  
  24  2:34  SCV  
  25  2:46  SCV  
  26  2:52  Starport  
  26  2:54  Orbital Command  
  27  2:58  SCV  
  27  3:06  Hellion x2  
  27  3:09  Marine  
  27  3:10  SCV  
  33  3:17  Liberator, Supply Depot  
  33  3:20  SCV  
  33  3:22  SCV  
  35  3:27  Hellion x2  
  35  3:32  SCV  
  40  3:40  Barracks Tech Lab  
  43  3:42  SCV  
  43  3:44  SCV  
  43  3:47  Supply Depot  
  45  3:50  Hellion  
  45  3:53  Hellion  
  45  3:54  SCV  
  50  3:59  SCV  
  50  4:01  Stimpack  
  51  4:06  SCV  
  52  4:15  Command Center  
  52  4:17  SCV  
  52  4:21  Marine  
  52  4:22  Supply Depot  
  54  4:25  Barracks  
  54  4:26  SCV  
  55  4:33  Factory Tech Lab  
  55  4:34  Starport Reactor  
  55  4:35  Barracks  
  55  4:39  SCV, Marine  
  55  4:41  SCV  
  58  4:51  SCV  
  59  4:53  SCV  
  59  4:56  Marine  
  61  5:01  Engineering Bay  
  61  5:02  Engineering Bay  
  61  5:03  SCV, Siege Tank  
  61  5:05  SCV  
  66  5:13  Supply Depot  
  66  5:14  Marine  
  66  5:15  SCV  
  66  5:17  SCV  
  66  5:18  Marine  
  66  5:20  Starport Reactor  
  70  5:22  Refinery x2  
  70  5:27  Marine  
  70  5:28  SCV  
  72  5:29  SCV  
  72  5:30  Orbital Command  
  72  5:31  Terran Infantry Weapons Level 1  
  72  5:35  Terran Infantry Armor Level 1  
  73  5:39  Marine x3  
  73  5:41  Marine  
  77  5:44  Siege Tank  
  77  5:48  SCV x2  
  82  5:50  Marine  
  82  5:54  Orbital Command  
  82  5:57  Marine x3  
  83  5:59  Marine  
  83  6:01  Medivac x2, Supply Depot  
  83  6:03  SCV  
  92  6:05  SCV  
  93  6:11  Combat Shield  
  93  6:21  Supply Depot  
  93  6:22  Marine x3  
  93  6:23  SCV x2, Siege Tank  
  93  6:24  Supply Depot  
  101  6:34  Supply Depot  
  101  6:35  Barracks  
  101  6:36  Barracks  
  101  6:42  Medivac x2, Marine x3  
  101  6:43  SCV  
  101  6:45  SCV x2, Marine  
  112  6:47  Marine  
  112  6:51  Armory  
  113  6:55  SCV  
  113  6:58  SCV x2  
  113  7:00  Marine x3  
  119  7:06  Siege Tank  
  119  7:07  SCV  
  121  7:10  SCV  
  121  7:11  SCV  
  121  7:16  Medivac x2  
  121  7:18  Marine  
  125  7:26  Marine x2  
  125  7:27  SCV, Supply Depot x3  
  125  7:28  SCV, Marine  
  127  7:36  SCV  
  125  7:38  Siege Tank  
  125  7:39  SCV, Marine  
  125  7:40  Refinery x2, Marine  
  125  7:43  SCV, Barracks Reactor, Barracks Tech Lab  
  132  7:46  Medivac  
  132  7:48  SCV  
  131  7:56  Bunker  
  131  7:57  Sensor Tower  
  131  7:58  Bunker  
  126  7:59  Marine x4  
  126  8:01  Marine  
  126  8:04  SCV  
  132  8:10  Marauder  
  134  8:13  Siege Tank  
  134  8:17  Marine x4  
  134  8:18  Supply Depot x2  
  134  8:19  Marauder  
  143  8:22  Terran Infantry Weapons Level 2  
  143  8:23  Marine  
  143  8:26  Marine  
  145  8:31  Terran Infantry Armor Level 2, Marine  
  142  8:35  Marine x4  
  142  8:39  Terran Vehicle Weapons Level 1  
  140  8:42  Marauder, Marine  
  140  8:44  Marine  
  140  8:45  Supply Depot  
  144  8:49  Marine  
  144  8:50  Siege Tank  
  144  8:53  Marine x4  
  152  8:56  Factory  
  152  8:59  Marine  
  152  9:01  Liberator  
  153  9:03  Missile Turret  
  153  9:04  Marine  
  153  9:05  Marauder  
  153  9:07  Marine  
  153  9:08  Command Center  
  156  9:10  Marine  
  156  9:11  Marine x2  
  156  9:14  Marine  
  163  9:17  Marine  
  163  9:22  Siege Tank, Marine  
  166  9:24  Marine  
  166  9:26  Marine  
  166  9:28  Marine  
  166  9:29  Marine  
  169  9:32  Marine  
  169  9:35  Marine x2  
  170  9:40  Marine  
  170  9:43  Marauder  
  170  9:44  Marauder, Factory Tech Lab  
  170  9:45  Factory Reactor  
  175  9:46  Marine  
  175  9:47  Marine, Factory Tech Lab  
  175  9:50  Marine  
  178  9:53  Barracks  
  178  9:54  Barracks, Supply Depot  
  178  9:55  Barracks  
  178  9:57  Marine x2  
  178  9:58  Liberator  
  180  10:15  Marauder x2, Medivac  
  185  10:22  Marine x2  
  185  10:24  Siege Tank  
  189  10:29  Marine  
  189  10:35  Starport  
  189  10:36  Fusion Core, Starport  
  189  10:37  Marauder x2  
  189  10:38  Marine  
  191  10:45  Viking  
  183  10:51  Marine x3  
  183  10:52  Marine  
  180  10:58  Viking, Marauder, Marine x3  
  187  11:06  Planetary Fortress  
  187  11:09  Marine x3  
  187  11:10  Marine  
  182  11:16  Marine  
  182  11:17  Starport Reactor, Starport Tech Lab  
  180  11:18  Marine  
  180  11:20  Marine  
  180  11:21  Medivac  
  179  11:25  Marine  
  179  11:26  Marine  
  179  11:28  Medivac  
  179  11:29  Marine x2  
  179  11:30  Marine  
  180  11:34  Marine  
  180  11:38  Viking  
  175  11:41  Marine  
  175  11:42  Marine  
  175  11:43  Marine  
  175  11:44  Marine  
  176  11:47  Marine x2  
  176  11:48  Marine  
  176  11:51  Viking, Marine  
  176  11:54  Viking x2  
  173  11:59  SCV x3, Marine x2  
  173  12:00  Marine x3  
  183  12:01  Marine  
  184  12:11  SCV, Viking x2  
  189  12:21  Viking  
  191  12:23  Marine x2  
  191  12:24  Marauder, Viking  
  191  12:28  Viking  
  198  12:38  Marauder  
  199  12:44  Ghost Academy  
  199  12:46  Barracks Tech Lab x3  
  199  12:51  Marine  
  198  12:59  Marauder  
  198  13:01  Marauder  
Tags
 
Add a new tag
Caveats
  • Supply blocks, unpowered buildings, or Contaminate may cause inaccurate times.
  • Supply counts are checked every 10 seconds.